 Dungeon Crawl Stone Soup version 0.30-a0-424-g7412bad402 (webtiles) character file.

Game seed: 8407259165376270216

8348 pokeman the Thaumaturge (level 11, 0/61 HPs)
             Began as a Deep Elf Hedge Wizard on Dec 10, 2022.
             Was a Believer of Vehumet.
             Slain by a death yak (11 damage)
             ... on level 9 of the Dungeon.
             The game lasted 00:21:42 (9937 turns).

pokeman the Thaumaturge (Deep Elf Hedge Wizard)     Turns: 9937, Time: 00:21:43

Health: 0/61       AC:  9    Str:  7    XL:     11   Next: 8%
Magic:  1/31       EV: 12    Int: 24    God:    Vehumet [**....]
Gold:   177        SH:  0    Dex: 14    Spells: 28/39 levels left

rFire   + . .      SeeInvis .    n - +1 dagger (venom)
rCold   . . .      Faith    .    (no shield)
rNeg    . . .      Spirit   .    E - +3 leather armour {rF+}
rPois   .          Reflect  .    c - +0 hat
rElec   .          Harm     .    h - +0 cloak
rCorr   .          Rampage  .    L - +1 pair of gloves
Will    ++...                    (no boots)
Stlth   ++........               (no amulet)
HPRegen 0.30/turn                s - +4 ring of slaying
MPRegen 0.22/turn                F - ring of willpower

@: very slightly contaminated
A: no striking features
a: Renounce Religion


You were on level 9 of the Dungeon.
You worshipped Vehumet.
Vehumet was pleased with you.
You visited 1 branch of the dungeon, and saw 9 of its levels.

You collected 357 gold pieces.
You spent 180 gold pieces at shops.

Inventory:

Hand Weapons
 n - a +1 dagger of venom (weapon)
Missiles
 k - a curare-tipped dart
 p - a throwing net
Armour
 b - a +0 kite shield
 c - a +0 hat (worn)
 h - a +0 cloak (worn)
 i - a scarf of shadows
 E - a +3 leather armour of fire resistance (worn)
 L - a +1 pair of gloves (worn)
Jewellery
 s - a +4 ring of slaying (left hand)
 F - a ring of willpower (right hand)
Wands
 C - a wand of flame (37)
Scrolls
 a - 6 scrolls of teleportation
 g - a scroll of torment
 j - 3 scrolls of enchant weapon
 o - 2 scrolls of poison
 t - 2 scrolls of amnesia
 w - 2 scrolls of fog
 x - a scroll of summoning
 y - a scroll of silence
 B - a scroll of blinking
 G - a scroll of vulnerability
 I - 2 scrolls of immolation
 J - 2 scrolls of noise {unknown}
 K - a scroll of fear {unknown}
 M - a scroll of magic mapping {unknown}
Potions
 d - a potion of magic
 e - 3 potions of mutation {unknown}
 f - 2 potions of flight {unknown}
 l - 3 potions of invisibility {unknown}
 m - 2 potions of curing {unknown}
 q - 2 potions of brilliance {unknown}
 r - 3 potions of might {unknown}
 u - a potion of haste {unknown}
 v - a potion of lignification {unknown}
 z - 3 potions of attraction {unknown}
 A - a potion of berserk rage {unknown}
 D - 2 potions of degeneration {unknown}
 H - a potion of ambrosia {unknown}


   Skills:
 - Level 4.0 Fighting
 - Level 4.0 Armour
 - Level 3.0 Dodging
 - Level 3.1 Stealth
 + Level 1.0 Shields
 * Level 14.6 Spellcasting
 + Level 8.5 Conjurations
 - Level 1.1 Summonings
 - Level 1.1 Translocations
 - Level 1.3 Air Magic
 + Level 7.7 Earth Magic
 - Level 2.1 Poison Magic
 - Level 1.0 Evocations


You had 28 spell levels left.
You knew the following spells:

 Your Spells              Type           Power      Damage    Failure   Level
a - Magic Dart            Conj           100%       1d8       1%          1
b - Mephitic Cloud        Conj/Pois/Air  36%        N/A       2%          3
c - Call Imp              Summ           22%        N/A       4%          2
d - Blink                 Tloc           44%        N/A       4%          2
e - Stone Arrow           Conj/Erth      100%       3d13      1%          3

Your spell library contained the following spells:

 Spells                   Type           Power      Damage    Failure   Level
 Static Discharge         Conj/Air       82%        2-6/arc   1%          2
 Sandblast                Erth           100%       2d20      1%          1
 Passwall                 Tmut/Erth      30%        N/A       1%          2
 Slow                     Hex            68%        N/A       4%          1
 Cigotuvi's Dreadful Rot  Necr/Pois/Air  44%        N/A       4%          2
 Ozocubu's Armour         Ice            17%        N/A       14%         3
 Ozocubu's Refrigeration  Ice            8%         4d9       100%        7


Dungeon Overview and Level Annotations

Branches:
Dungeon (9/15)             Temple (0/1) D:6
   Lair: D:8-11         Orc: D:9-12

Altars:
Cheibriados
Gozag
Hepliaklqana
Kikubaaqudgha
Nemelex Xobeh
Trog
Uskayaw
Vehumet
Zin

Shops:
D:8 **=*:   D:9 ((

Annotations:
D:3 Mobs behind rock
D:8 Scroll behind rock


Message History

Aim: a death yak (moderately wounded, extremely poisoned, chance to affect: 34%) That beam is likely to hit you.
Continue anyway?
The ball explodes into a vile cloud!
The stinking cloud engulfs the death yak but does no damage.
The death yak is moderately wounded.
The stinking cloud engulfs the yak but does no damage.
The yak is moderately wounded.
The stinking cloud engulfs you but does no damage.
The yak is engulfed in noxious fumes.
The yak appears confused.
The yak gores the death yak.
The yak gores itself!
The death yak is engulfed in noxious fumes.
The death yak completely misses you.
Unknown command.
Unknown command.
You hit the death yak.
The death yak is moderately wounded.
The death yak is engulfed in noxious fumes.
The death yak gores you.
Unknown command.
You barely miss the death yak.
The death yak is moderately wounded.
The death yak is engulfed in noxious fumes.
The death yak gores you!
Unknown command.
You hit the death yak.
The death yak looks as sick as possible!
The death yak is moderately wounded.
You feel stable enough to blink again.
The yak is engulfed in noxious fumes.
The death yak is engulfed in noxious fumes.
The death yak gores you!
* * * LOW HITPOINT WARNING * * *
Casting: Mephitic Cloud (dangerous; 2% risk of failure)
Confirm with . or Enter, or press ? or * to list all spells.
You miscast Blink.
You are very lightly contaminated with residual magic.
Nothing appears to happen.
The death yak misses you.
Unknown command.
The death yak attacks as you move away! The death yak gores you!
You die...

#..####..... #...........
#####.......... ###
#..............
#..##..............
#.......................
#......Y.###########....
##.....Y..# # #$#....
##≈......@## # #.#.#....
#≈≈≈...≈..# #.#+#.#.#....
#≈≈≈≈~†≈≈≈##.........'Y..≈
#≈#.≈≈≈.≈≈≈≈≈~~~~~~~≈'~≈≈≈
# #..≈...~##... .....'...≈
#.......# # #Y#.#....
#.......## #....
#........# #....
#........###########....


You could see a death yak (extremely poisoned) and a yak (confused).

Vanquished Creatures
  A boulder beetle (D:9)
  A two-headed ogre (D:9)
  Grinder (D:6)
  Prince Ribbit (D:5)
  23 yaks
  2 wraiths (D:9)
  Eustachio (D:5)
  An orc warrior (D:8)
  An ice beast (D:6)
  2 sky beasts (D:8)
  A black bear (D:6)
  2 ogres
  3 centaurs
  2 phantoms (D:5)
  2 kobold brigands (D:8)
  Blork the orc (D:5)
  3 scorpions
  A bullfrog (D:7)
  A gnoll sergeant (D:6)
  2 water moccasin skeletons (D:5)
  An electric eel (D:9)
  3 howler monkeys
  A centaur zombie (D:5)
  5 hounds
  A jelly (D:6)
  4 bullfrog zombies (D:5)
  4 orc priests
  A gnoll bouda (D:6)
  2 bullfrog skeletons (D:5)
  Jessica (D:3)
  4 iguanas
  Natasha (D:2)
  2 orc wizards
  4 scorpion zombies (D:5)
  2 hound zombies (D:5)
  2 hound skeletons (D:5)
  2 howler monkey zombies (D:5)
  10 gnolls (D:6)
  A howler monkey skeleton (D:5)
  8 adders
  A white imp (D:7)
  An ufetubus (D:6)
  An adder zombie (D:5)
  2 worms
  2 dart slugs
  25 orcs
  8 endoplasms
  3 giant cockroaches
  7 goblins
  4 hobgoblins
  7 jackals
  5 quokkas
  6 ball pythons
  5 bats
  4 frilled lizards
  12 kobolds
  5 rats
209 creatures vanquished.

Vanquished Creatures (collateral kills)
  An ice beast (D:7)
1 creature vanquished.

Vanquished Creatures (others)
  A human (D:8)
  4 withered plants (D:5)
5 creatures vanquished.

Grand Total: 215 creatures vanquished

Notes
Turn   | Place    | Note
-------+----------+-------------------------------------------
     0 | D:1      | pokeman the Deep Elf Hedge Wizard began the quest for the
                  | Orb.
     0 | D:1      | Reached XP level 1. HP: 10/10 MP: 7/7
   356 | D:1      | Reached XP level 2. HP: 16/16 MP: 2/9
   972 | D:2      | Noticed Natasha
   973 | D:2      | Reached skill level 5 in Spellcasting
  1097 | D:2      | Reached skill level 1 in Fighting
  1097 | D:2      | Reached skill level 1 in Armour
  1097 | D:2      | Reached XP level 3. HP: 14/20 MP: 6/11
  1101 | D:2      | Learned a level 3 spell: Mephitic Cloud
  1104 | D:2      | Learned a level 2 spell: Call Imp
  1107 | D:2      | Learned a level 2 spell: Blink
  1377 | D:2      | Reached XP level 4. HP: 16/25 MP: 7/13
  2206 | D:2      | Killed Natasha
  2207 | D:2      | Reached skill level 6 in Spellcasting
  2243 | D:2      | Reached XP level 5. HP: 29/29 MP: 10/15
  2313 | D:2      | Found a faded altar of an unknown god.
  2807 | D:3      | Found an opulent altar of Gozag.
  2982 | D:3      | Found a bloodstained altar of Trog.
  3078 | D:3      | Noticed Jessica
  3112 | D:3      | Killed Jessica
  3113 | D:3      | Reached skill level 1 in Air Magic
  3113 | D:3      | Reached skill level 1 in Poison Magic
  3204 | D:3      | Reached XP level 6. HP: 12/34 MP: 14/17
  3293 | D:3      | Noticed a water moccasin
  4150 | D:4      | Learned a level 3 spell: Stone Arrow
  4385 | D:5      | Entered Level 5 of the Dungeon
  4436 | D:5      | Reached skill level 7 in Spellcasting
  4498 | D:5      | Reached skill level 1 in Earth Magic
  4829 | D:5      | Noticed Blork the orc
  4831 | D:5      | Noticed Eustachio
  4837 | D:5      | Reached XP level 7. HP: 21/38 MP: 15/20
  4844 | D:5      | Killed Blork the orc
  4865 | D:5      | Reached skill level 8 in Spellcasting
  5338 | D:5      | Reached XP level 8. HP: 37/44 MP: 13/22
  5433 | D:5      | Noticed Prince Ribbit
  5448 | D:5      | Killed Prince Ribbit
  5449 | D:5      | Reached skill level 9 in Spellcasting
  5756 | D:5      | Reached skill level 5 in Conjurations
  5899 | D:5      | Killed Eustachio
  5900 | D:5      | Reached skill level 10 in Spellcasting
  6305 | D:5      | Found a hazy altar of Hepliaklqana.
  6402 | D:6      | Noticed Grinder
  6406 | D:6      | Reached skill level 1 in Evocations
  6410 | D:6      | Paralysed by Grinder for 4 turns
  6428 | D:6      | Killed Grinder
  6550 | D:6      | Reached XP level 9. HP: 40/48 MP: 22/25
  6578 | D:6      | Found a radiant altar of Vehumet.
  6582 | D:6      | Became a worshipper of Vehumet
  6670 | D:6      | Reached skill level 11 in Spellcasting
  6916 | D:6      | Reached skill level 5 in Earth Magic
  7248 | D:6      | Found a staircase to the Ecumenical Temple.
  7282 | D:6      | Reached * piety under Vehumet
  7282 | D:6      | Offered knowledge of Shock by Vehumet.
  7431 | D:6      | Found a sparkling altar of Nemelex Xobeh.
  7545 | D:6      | Found a glowing silver altar of Zin.
  7545 | D:6      | Found a snail-covered altar of Cheibriados.
  8300 | D:8      | Reached skill level 12 in Spellcasting
  8500 | D:8      | Found Lireorgh's General Store.
  8507 | D:8      | Bought 3 scrolls of identify for 66 gold pieces
  8507 | D:8      | Bought a scroll of teleportation for 33 gold pieces
  8542 | D:8      | Reached XP level 10. HP: 48/56 MP: 15/28
  8668 | D:8      | Reached ** piety under Vehumet
  8679 | D:8      | Found Zecacsir's General Store.
  8683 | D:8      | Bought a scroll of identify for 26 gold pieces
  8695 | D:8      | Found an ancient bone altar of Kikubaaqudgha.
  8714 | D:8      | Offered knowledge of Static Discharge by Vehumet.
  8747 | D:8      | Found Tuen's Book Shoppe.
  8781 | D:8      | Found Giaxum's Assorted Antiques.
  8793 | D:8      | Bought a fizzy pink potion for 26 gold pieces
  8793 | D:8      | Bought a scroll labelled QUTELOGOKYX for 29 gold pieces
  8998 | D:8      | Found Guddoras's Jewellery Shoppe.
  9269 | D:9      | Noticed a +0 short sword
  9269 | D:9      | Noticed a +0 falchion
  9291 | D:9      | Noticed a +0 short sword
  9292 | D:9      | Noticed a +0 falchion
  9292 | D:9      | Noticed a +0 spear
  9292 | D:9      | Noticed a +0 dagger
  9293 | D:9      | Noticed a +0 spear
  9293 | D:9      | Noticed a +0 dagger
  9295 | D:9      | Found a hide-covered altar of Uskayaw.
  9345 | D:9      | Reached skill level 13 in Spellcasting
  9470 | D:9      | Found Coasmi's Weapon Emporium.
  9491 | D:9      | Noticed a boulder beetle
  9509 | D:9      | Killed a boulder beetle
  9662 | D:9      | Found Keedwiamp's Antique Weapon Emporium.
  9839 | D:9      | Noticed a death yak
  9858 | D:9      | Noticed a two-headed ogre
  9889 | D:9      | Killed a two-headed ogre
  9890 | D:9      | Reached skill level 14 in Spellcasting
  9920 | D:9      | Reached XP level 11. HP: 61/61 MP: 9/31
  9924 | D:9      | Reached skill level 1 in Shields
  9937 | D:9      | Slain by a death yak

Illustrated notes

Levels and vault maps discovered:
D:1:      scummos_arrival_star, layout_rooms
D:2:      kb_forest_paths, layout_loops_ring, ebering_ecumenical_altar_box,
          chequers_serial_rivers_small_b, uniq_natasha
D:3:      layout_loops_ring, nicolae_gozag_cash_rules_everything_around_me,
          lightli_temple_of_fire, lightli_corner_chamber, uniq_jessica
D:4:      layout_loops_ring
D:5:      layout_basic, worldfamousw_hep_ancestral_shrine, serial_undead,
          serial_undead_c, serial_undead_a, serial_undead_e, serial_undead_f,
          serial_undead_b, serial_undead_c, serial_undead_e, serial_undead_d,
          serial_undead_d, serial_undead_a, uniq_blork_the_orc, uniq_eustachio,
          uniq_prince_ribbit1
D:6:      layout_loops_ring, mainiacjoe_overflow_swirl,
          gammafunk_temple_overflow_wave, minmay_temple_entry_statues_pillars,
          uniq_grinder
D:7:      layout_basic
D:8:      layout_loops_ring, tgw_kikubaaqudgha, serial_shops,
          nicolae_shop_statue_plus, nicolae_take_the_stairs, shop,
          nicolae_shop_crystal, shop, item_on_display_a
D:9:      argonaut_augean_stables, layout_irregular_city,
          nicolae_uskayaw_en_pointe, serial_shops, nicolae_shop_stone,
          nicolae_shop_bloodbath_and_beyond, nicolae_lakefront_shop

Skill      XL: |  1  2  3  4  5  6  7  8  9 10 11 |
---------------+----------------------------------+-----
Spellcasting   | 5 6 7 8 10 12 14 | 14.6
Fighting       | 1 2 3 4 |  4.0
Armour         | 1 2 3 4 |  4.0
Conjurations   | 2 3 4 5 7 8 |  8.5
Stealth        | 3 |  3.1
Dodging        | 3 |  3.0
Air Magic      | 1 |  1.3
Poison Magic   | 1 2 |  2.1
Earth Magic    | 1 3 4 6 7 |  7.7
Evocations     | 1 |  1.0
Shields        | 1 |  1.0
Summonings     | |  1.1
Translocations | |  1.1

Action                   |  1- 3 |  4- 6 |  7- 9 | 10-12 || total
-------------------------+-------+-------+-------+-------++-------
Melee: Dagger            |    24 |    51 |   140 |    46 ||   261
       Punch             |       |       |     2 |       ||     2
 Cast: Magic Dart        |    79 |   136 |   217 |    11 ||   443
       Mephitic Cloud    |       |     6 |    26 |    22 ||    54
       Call Imp          |       |     2 |     7 |     2 ||    11
       Stone Arrow       |       |       |    14 |    21 ||    35
       Blink             |       |       |     2 |     3 ||     5
  Use: Scroll            |       |       |     9 |     1 ||    10
 Stab: Confused          |       |     2 |    13 |     7 ||    22
Armor: Robe              |    11 |    15 |    14 |       ||    40
       Leather armour    |       |       |    21 |     3 ||    24
Dodge: Dodged            |    23 |    53 |   111 |    20 ||   207

Table legend: (Time is in decaauts)
 A = Elapsed time spent in this place.
 B = Non-inter-level travel time spent in this place.
 C = Inter-level travel time spent in this place.
 D = Time resting spent in this place.
 E = Time spent auto-exploring this place.
 F = Levels seen in this place.
 G = Mean time per level.
                   A        B        C        D        E       F      G
               +--------+--------+--------+--------+--------+-----+--------+
         Total |   9938 |   9529 |    409 |    580 |   7396 |   9 | 1104.2 |
       Dungeon |   9938 |   9529 |    409 |    580 |   7396 |   9 | 1104.2 |
               +--------+--------+--------+--------+--------+-----+--------+

Top non-repeatable levels by time:
     D:5: 1657 daAuts
     D:2: 1410 daAuts
     D:4: 1222 daAuts
     D:6: 1194 daAuts
     D:3: 1073 daAuts
     D:1: 1025 daAuts
     D:8: 949 daAuts
     D:9: 708 daAuts
     D:7: 697 daAuts
